 Dungeon Crawl Stone Soup version 0.31-a0-986-g5e6e4ef867 (webtiles) character file.

Game seed: 928656220294950089

9 javelincjr the Changeling (level 1, 0/15 HPs)
             Began as a Demigod Shapeshifter on Nov 6, 2023.
             Slain by a gnoll
             ... wielding a +0 flail
              (9 damage)
             ... on level 1 of the Dungeon.
             The game lasted 00:00:55 (279 turns).

javelincjr the Changeling (Demigod Shapeshifter)     Turns: 279, Time: 00:00:56

Health: 0/15       AC:  2    Str: 15    XL:     1   Next: 93%
Magic:  3/3        EV: 12    Int: 12    God:
Gold:   73         SH:  0    Dex: 13    Spells: 0/0 levels left

rFire   . .          .
                       - Unarmed
rCold   . . .        (no shield)
rNeg    . . .        a - +0 animal skin
rPois   .            (helmet currently unavailable)
rElec   .            (cloak currently unavailable)
rCorr   .            (gloves currently unavailable)
SInv    .            (boots currently unavailable)
Will    .....        (no amulet)
Stlth   +            (no ring)
HPRegen 0.22/turn    (no ring)
MPRegen 0.08/turn

%: no passive effects
@: beast-form
A: beast (slay +1), high MP 1, forlorn, divine attributes
a: Begin Untransformation


You were on level 1 of the Dungeon.
You were a hulking beast.
You visited 1 branch of the dungeon, and saw 1 of its levels.

You collected 73 gold pieces.

Inventory:

Missiles
 e - 5 poisoned darts
Armour
 a - a +0 animal skin (worn)
Talismans
 c - a beast talisman
 d - a flux talisman
Scrolls
 f - 2 scrolls of identify {unknown}
 g - a scroll of blinking {unknown}
 h - a scroll of torment {unknown}
 i - a scroll of enchant armour {unknown}
 j - a scroll of teleportation {unknown}
Potions
 b - a potion of lignification
 k - a potion of heal wounds {unknown}


   Skills:
 - Level 0.9 Fighting
 - Level 1.8 Dodging
 - Level 2.7 Unarmed Combat
 * Level 3.1 Shapeshifting


You couldn't memorise any spells.
You didn't know any spells.
Your spell library contained the following spells:

 Spells                   Type           Power      Damage    Failure   Level
 Magic Dart               Conj           0%         1d3       32%         1


Dungeon Overview and Level Annotations

Branches:
Dungeon (1/15)

Annotations:
D:1 1 runed translucent door


Innate Abilities, Weirdness & Mutations

You are a hulking beast.
Your limbs bulge with bestial killing power. (Slay +1)
You have an increased reservoir of magic. (+10% MP)
You shall have no god before yourself.
Your divine heritage dramatically boosts your attributes as you level up.


Message History

You hit the ball python.
You kill the ball python!
Your Shapeshifting skill increases to level 3!
Key pressed, stopping explore.
No target in view!
No target in view!
No target in view!
Found a faded altar of an unknown god.
A dart slug comes into view.
You hit the dart slug.
The dart slug is moderately wounded.
The dart slug bites you.
You hit the dart slug but do no damage.
The dart slug is moderately wounded.
You hit the dart slug.
The dart slug is severely wounded.
The dart slug bites you.
You hit the dart slug.
You kill the dart slug!
No target in view!
k - a lumpy golden potion You pick up Plato's Octavo of Confrontation and begin reading...
You add the spell Magic Dart to your library.
There is a faded altar of an unknown god here.
You can't memorise that many levels of magic yet!
A gnoll comes into view. It is wielding a +0 flail.
A bat, a frilled lizard and a quokka come into view.
The frilled lizard hisses angrily.
The frilled lizard unfolds its giant frill.
You hit the gnoll.
The gnoll is lightly wounded.
The gnoll hits you with a +0 flail.
You hit the gnoll but do no damage.
The gnoll is lightly wounded.
The gnoll closely misses you.
You hit the gnoll.
The gnoll is moderately wounded.
The bat barely misses you. x2; The gnoll hits you with a +0 flail!
Ouch! That really hurt!
You die...

#......... #.........
#......... #.........
+.........
######.l.......
.......bgr.....
.......h#########
................##
.........#####...##
........#.P...#...##
.......#.#####.#...#
......#.#.....#P#..#
####.#.#P#####.#.#..#
#.#P#.#._.#.#P#..#
#...^.....^^.....#


You could see a gnoll, a quokka, a bat and a frilled lizard.

Vanquished Creatures
  A dart slug (D:1)
  A ball python (D:1)
  A bat (D:1)
  An endoplasm (D:1)
  A giant cockroach (D:1)
  A kobold (D:1)
6 creatures vanquished.

Notes
Turn   | Place    | Note
-------+----------+-------------------------------------------
     0 | D:1      | javelincjr the Demigod Shapeshifter began the quest for the
                  | Orb.
     0 | D:1      | Reached XP level 1. HP: 15/15 MP: 3/3
     1 | D:1      | Found a runed translucent door.
   217 | D:1      | Reached skill level 3 in Shapeshifting
   258 | D:1      | Got Plato's Octavo of Confrontation
   279 | D:1      | Slain by a gnoll

Illustrated notes

Levels and vault maps discovered:
D:1:      dpeg_arrival_caged_fury, layout_basic,
          shapermc_ecumenical_altar_rom_forum

Skill      XL: |  1 |
---------------+----+-----
Shapeshifting  | 3 |  3.1
Fighting       | |  0.9
Dodging        | |  1.8
Unarmed Combat | |  2.7

Action                     || total
---------------------------++-------
  Melee: Unarmed           ||    22
         Punch             ||     1
 Armour: Animal skin       ||    11
  Dodge: Dodged            ||     9

Table legend: (Time is in decaauts)
 A = Elapsed time spent in this place.
 B = Non-inter-level travel time spent in this place.
 C = Inter-level travel time spent in this place.
 D = Time resting spent in this place.
 E = Time spent auto-exploring this place.
 F = Levels seen in this place.
 G = Mean time per level.
                   A        B        C        D        E       F      G
               +--------+--------+--------+--------+--------+-----+--------+
         Total |    278 |    278 |      0 |      0 |    207 |   1 |  278.0 |
       Dungeon |    278 |    278 |      0 |      0 |    207 |   1 |  278.0 |
               +--------+--------+--------+--------+--------+-----+--------+

Top non-repeatable levels by time:
     D:1: 278 daAuts
